 Dungeon Crawl Stone Soup version 0.21.0-3-g78d12a8 (webtiles) character file.

319 Ignatius881 the Chopper (level 6, -1/53 HPs)
             Began as a Minotaur Berserker on Jan 8, 2018.
             Was a Believer of Trog.
             Slain by Aviak's ghost (3 damage)
             ... on level 4 of the Dungeon.
             The game lasted 00:11:44 (3183 turns).

Ignatius881 the Chopper (Minotaur Berserker)        Turns: 3183, Time: 00:11:45

Health: -1/53      AC:  6    Str: 22    XL:     6   Next: 21%
Magic:  5/5        EV: 11    Int:  4    God:    Trog [**....]
Gold:   161        SH:  0    Dex: 11    Spells: 5/5 levels left

rFire    . . .     SeeInvis .   a - +0 hand axe
rCold    . . .     Gourm    .   (no shield)
rNeg     . . .     Faith    .   j - +0 scale mail
rPois    .         Spirit   .   (helmet restricted)
rElec    .         Reflect  .   (no cloak)
rCorr    .         Harm     .   (no gloves)
MR       .....                  (no boots)
Stlth    ..........             (no amulet)
HPRegen  0.17/turn              (no ring)
MPRegen  0.09/turn              (no ring)

@: no status effects
A: retaliatory headbutt, horns 2
a: Berserk, Trog's Hand, Burn Spellbooks, Renounce Religion


You were on level 4 of the Dungeon.
You worshipped Trog.
Trog was pleased with you.
You were very hungry.

You visited 1 branch of the dungeon, and saw 4 of its levels.

You collected 161 gold pieces.

Inventory:

Hand Weapons
 a - a +0 hand axe (weapon)
 d - a +0 mace
 e - a cursed -2 club
 g - a +0 dagger
Armour
 b - a +0 animal skin
 j - a +0 scale mail (worn)
 l - a +0 ring mail
 o - a +0 helmet
Wands
 t - a wand of random effects (17)
Scrolls
 k - 5 scrolls of identify {unknown}
 m - a scroll of fear {unknown}
 q - 2 scrolls of fog {unknown}
 r - a scroll of amnesia {unknown}
Potions
 f - a potion of haste {unknown}
 h - a potion of heal wounds {unknown}
 i - a potion of lignification {unknown}
 n - a potion of degeneration {unknown}
 s - 2 potions of brilliance {unknown}
Books
 p - a book of Cantrips

   Spells                             Type                      Level
   a - Confusing Touch                Hexes                        1
   b - Animate Skeleton               Necromancy                   1
   c - Summon Small Mammal            Summoning                    1
   d - Apportation                    Translocation                1
   Trog disapproves of the use of such an item.
Comestibles
 c - 6 rations


   Skills:
 + Level 4.7 Fighting
 * Level 7.2 Axes
 + Level 3.1 Armour
 + Level 3.0 Dodging


You had 5 spell levels left.
You didn't know any spells.

Dungeon Overview and Level Annotations

Branches:
Dungeon (4/15)             Temple (0/1) D:4

Altars:
Fedhas
Makhleb
Okawaru
Xom
Yredelemnul
Zin

Annotations:
D:4 Aviak's ghost, amateur TrTm


Innate Abilities, Weirdness & Mutations

You reflexively headbutt those who attack you in melee.
You have a pair of horns on your head.


Message History

Aviak's ghost hits you!
You hit Aviak's ghost.
Aviak's ghost is lightly damaged.
Aviak's ghost closely misses you. You furiously retaliate!
You headbutt Aviak's ghost! You hit Aviak's ghost.
Your headbutt misses Aviak's ghost.
Aviak's ghost is moderately damaged.
Aviak's ghost hits you!
You barely miss Aviak's ghost.
Aviak's ghost is moderately damaged.
Aviak's ghost hits you!
* * * LOW HITPOINT WARNING * * *
You barely miss Aviak's ghost.
Aviak's ghost is moderately damaged.
Aviak's ghost hits you.
* * * LOW HITPOINT WARNING * * *
You hit Aviak's ghost.
Aviak's ghost is moderately damaged.
Aviak's ghost hits you.
You die...

#.# ##.######## ##
.)......... ..#
########### #.# ## #.# .#
#.# .# ## #.# .# .#
#.###.###$## .###
#..@W......#
.'.###########..##.#....#
.#..............# .# #.#
.###.##########.# .# ##
#.# #.# .# #.# #.# .# #.#
#.# .# #.# #.# W# #.# .#


You could see Aviak's ghost.

Vanquished Creatures
  A big kobold (D:3)
  A howler monkey (D:3)
  A hound (D:3)
  A bullfrog skeleton (D:4)
  A worker ant (D:3)
  Robin (D:2)
  4 adders (D:3)
  A worm (D:2)
  A dart slug (D:1)
  6 leopard geckos
  2 orcs (D:3)
  3 giant cockroaches
  18 goblins
  9 hobgoblins
  2 quokkas
  5 bats
  2 frilled lizards
  8 kobolds
  6 rats
73 creatures vanquished.

Notes
Turn   | Place    | Note
-------+----------+-------------------------------------------
     0 | D:1      | Ignatius881 the Minotaur Berserker began the quest for the Orb.
     0 | D:1      | Reached XP level 1. HP: 19/19 MP: 0/0
   230 | D:1      | Reached skill level 4 in Axes
   236 | D:1      | Reached XP level 2. HP: 21/27 MP: 1/1
   999 | D:1      | Reached XP level 3. HP: 33/33 MP: 2/2
  1155 | D:2      | Found a shimmering altar of Xom.
  1156 | D:2      | Found a shimmering altar of Xom.
  1158 | D:2      | Found a shimmering altar of Xom.
  1159 | D:2      | Found a shimmering altar of Xom.
  1160 | D:2      | Found a shimmering altar of Xom.
  1160 | D:2      | Found a shimmering altar of Xom.
  1160 | D:2      | Found a shimmering altar of Xom.
  1238 | D:2      | Reached ** piety under Trog
  1259 | D:2      | Noticed Robin
  1272 | D:2      | Killed Robin
  1272 | D:2      | Reached skill level 5 in Axes
  1402 | D:2      | Found a blossoming altar of Fedhas.
  1407 | D:2      | Found a basalt altar of Yredelemnul.
  1455 | D:2      | Found a burning altar of Makhleb.
  1536 | D:2      | Found a shimmering altar of Xom.
  1536 | D:2      | Found a shimmering altar of Xom.
  1801 | D:2      | Found a glowing silver altar of Zin.
  1955 | D:3      | Reached XP level 4. HP: 41/41 MP: 3/3
  2032 | D:3      | Noticed a big kobold
  2052 | D:3      | Killed a big kobold
  2052 | D:3      | Reached skill level 6 in Axes
  2052 | D:3      | Reached XP level 5. HP: 19/47 MP: 4/4
  2722 | D:3      | Reached XP level 6. HP: 51/53 MP: 5/5
  2754 | D:3      | Reached skill level 7 in Axes
  3052 | D:4      | Found an iron altar of Okawaru.
  3138 | D:4      | Found a staircase to the Ecumenical Temple.
  3160 | D:4      | Noticed Aviak's ghost (amateur TrTm)
  3182 | D:4      | HP: 2/53 [Aviak's ghost (6)]
  3183 | D:4      | Slain by Aviak's ghost

Skill      XL: |  1  2  3  4  5  6 |
---------------+-------------------+-----
Axes           | 4 5 6 7 |  7.2
Fighting       | 4 |  4.7
Armour         | 3 |  3.1
Dodging        | 3 |  3.0

Action                   |  1- 3 |  4- 6 || total
-------------------------+-------+-------++-------
Melee: Hand axe          |    74 |   111 ||   185
       Headbutt          |    15 |    21 ||    36
  Eat: Chunk             |     3 |     3 ||     6
Armor: Animal skin       |     2 |       ||     2
       Scale mail        |    17 |    26 ||    43
Dodge: Dodged            |    31 |    51 ||    82
